 Dungeon Crawl Stone Soup version 0.21.1-1-g345015f (webtiles) character file.

1594 Fang the Chopper (level 8, -1/50 HPs)
             Began as a Gargoyle Berserker on June 4, 2018.
             Was an Elder of Trog.
             Slain by an orc wizard
             ... wielding a +0 dagger
              (3 damage)
             ... on level 7 of the Dungeon.
             The game lasted 00:06:06 (5506 turns).

Fang the Chopper (Gargoyle Berserker)               Turns: 5506, Time: 00:06:07

Health: -1/50      AC:  9    Str: 28    XL:     8   Next: 93%
Magic:  8/8        EV: 13    Int:  7    God:    Trog [****..]
Gold:   318        SH:  0    Dex:  9    Spells: 7/7 levels left

rFire    . . .     SeeInvis .   e - +5 executioner's axe of Woec {chop, rPois Str+4}
rCold    . . .     Gourm    .   (shield currently unavailable)
rNeg     + . .     Faith    .   b - +0 animal skin
rPois    ∞         Spirit   .   u - +2 hat
rElec    +         Reflect  .   (no cloak)
rCorr    .         Harm     .   (no gloves)
MR       .....     Clarity  +   (no boots)
Stlth    ++........             (no amulet)
HPRegen  0.16/turn              (no ring)
MPRegen  0.11/turn              (no ring)

@: berserk cooldown, slowed, very slow
A: talons 1, clarity, negative energy resistance 1, electricity resistance,
unbreathing, petrification resistance, rot immunity, AC +5
a: Berserk, Trog's Hand, Brothers in Arms, Burn Spellbooks, Renounce Religion


You were on level 7 of the Dungeon.
You worshipped Trog.
Trog was greatly pleased with you.
You were very hungry.

You visited 1 branch of the dungeon, and saw 7 of its levels.

You collected 318 gold pieces.

Inventory:

Hand Weapons
 a - a +3 hand axe
 e - the +5 executioner's axe of Woec (weapon) {chop, rPois Str+4}
   (You acquired it on level 6 of the Dungeon)

   It inflicts extra damage upon your enemies.
   It affects your strength (+4).
   It protects you from poison.
Missiles
 w - 7 javelins (quivered)
Armour
 b - a +0 animal skin (worn)
 u - a +2 hat (worn)
Wands
 h - a wand of enslavement (10)
 t - a wand of disintegration (34)
Scrolls
 f - 3 scrolls of remove curse
 i - 10 scrolls of identify
 j - a scroll of blinking
 l - a scroll of fear
 n - a scroll of enchant armour {unknown}
 o - a scroll of amnesia {unknown}
Potions
 d - a potion of might
 g - a potion of heal wounds
 m - a potion of berserk rage
 x - 6 potions of curing
Books
 k - a book of Frost

   Spells                             Type                      Level
   a - Freeze                         Ice                          1
   b - Throw Frost                    Conjuration/Ice              2
   c - Ozocubu's Armour               Charms/Ice                   3
   d - Throw Icicle                   Conjuration/Ice              4
   e - Summon Ice Beast               Ice/Summoning                4
   Trog disapproves of the use of such an item.
 q - a book of Callings

   Spells                             Type                      Level
   a - Summon Small Mammal            Summoning                    1
   b - Call Imp                       Summoning                    2
   c - Call Canine Familiar           Summoning                    3
   d - Summon Guardian Golem          Hexes/Summoning              3
   e - Summon Lightning Spire         Summoning/Air                4
   f - Summon Ice Beast               Ice/Summoning                4
   Trog disapproves of the use of such an item.
Comestibles
 c - 19 rations


   Skills:
 + Level 5.5 Fighting
 + Level 7.9 Axes
 + Level 2.4 Armour
 + Level 4.4 Dodging
 + Level 3.3 Stealth


You had 7 spell levels left.
You didn't know any spells.

Dungeon Overview and Level Annotations

Branches:
Dungeon (7/15)             Temple (0/1) D:5

Altars:
Ashenzari
Dithmenos
Gozag
Trog
Xom
Zin
The Shining One

Shops:
D:6 (

Annotations:
D:7 1 runed door


Innate Abilities, Weirdness & Mutations

You are resistant to torment.
Your stone body is resilient. (AC +5)
You are immune to poison.
You resist negative energy. (rN+)
You are resistant to electric shocks. (rElec)
You can survive without breathing.
You are immune to petrification.
You are immune to rotting.
You have sharp toenails.
You possess an exceptional clarity of mind.


Message History

You feel a strong urge to attack something.
The orc closely misses you.
You slice the orc!!
You kill the orc!
Trog accepts your kill.
A magic dart appears from out of thin air!
The magic dart hits you!
* * * LOW HITPOINT WARNING * * *
Unknown command.
Things that are here:
a chain mail; an orc corpse Unknown command.
You closely miss something. Your kick misses something.
You are no longer berserk.
You are exhausted.
You feel yourself slow down.
You hear some strange, mumbled words.
You feel momentarily confused. Something hits you but does no damage.
Something hits you.
You die...

### .. [. ..# #. #.#..# #.#
#. #.#..# # #.# ##.
###.#..# ?# #.# .. [.....
... #.###.#. #. #####...#
...# <...<....
###'###...#...##....#
....#.#..
#...[.....#.......... #.#.#
#...@)....##..#####)# #.#.#
#.......†.'.........# .....
#..# #........†##.........
#.........
#......%..##..#######
###.###..## ###+###...##..#
# #.# #... #...# #...##..#
###.###..####.#.########..#
........... .............#
....###..# #..#########.#


There were no monsters in sight!

Vanquished Creatures
  The ghost of Dublek the Poker, an amateur MiMo of Nemelex Xobeh (D:7)
  An orc warrior (D:7)
  2 sky beasts (D:6)
  2 phantoms (D:6)
  2 bullfrogs (D:7)
  A scorpion (D:5)
  A crimson imp (D:6)
  3 howler monkeys
  3 hounds
  A jelly (D:7)
  An orc priest (D:3)
  3 orc wizards
  4 worker ants
  A worker ant zombie (D:5)
  4 gnolls (D:3)
  8 adders
  2 oozes
  A worm (D:2)
  5 leopard geckos
  26 orcs
  4 ball pythons
  A giant cockroach (D:5)
  7 goblins
  12 hobgoblins
  9 jackals
  4 quokkas
  3 bats
  4 frilled lizards
  6 kobolds
  A quokka skeleton (D:4)
  7 rats
130 creatures vanquished.

Notes
Turn   | Place    | Note
-------+----------+-------------------------------------------
     0 | D:1      | Fang the Gargoyle Berserker began the quest for the Orb.
     0 | D:1      | Reached XP level 1. HP: 14/14 MP: 1/1
   296 | D:1      | Reached XP level 2. HP: 16/19 MP: 2/2
   298 | D:1      | Reached skill level 3 in Axes
   993 | D:2      | Reached XP level 3. HP: 21/23 MP: 3/3
  1437 | D:2      | Reached XP level 4. HP: 10/29 MP: 4/4
  1837 | D:3      | Reached skill level 4 in Axes
  1841 | D:3      | Reached ** piety under Trog
  1986 | D:3      | Reached XP level 5. HP: 24/33 MP: 5/5
  2629 | D:3      | Reached XP level 6. HP: 21/38 MP: 6/6
  2736 | D:3      | Found a glowing golden altar of the Shining One.
  2941 | D:4      | Reached skill level 5 in Axes
  2941 | D:4      | Reached skill level 1 in Stealth
  2986 | D:4      | Reached *** piety under Trog
  3126 | D:4      | Found a shimmering altar of Xom.
  3128 | D:4      | Found a shattered altar of Ashenzari.
  3133 | D:4      | Found a shadowy altar of Dithmenos.
  3135 | D:4      | Found a glowing silver altar of Zin.
  3145 | D:4      | Found an opulent altar of Gozag.
  3147 | D:4      | Found a glowing golden altar of the Shining One.
  3462 | D:5      | Entered Level 5 of the Dungeon
  3724 | D:5      | Reached XP level 7. HP: 44/44 MP: 7/7
  4030 | D:5      | Found a staircase to the Ecumenical Temple.
  4363 | D:6      | Gained mutation: You possess an exceptional clarity of mind. [potion of mutation]
  4363 | D:6      | Gained mutation: You have sharp toenails. [potion of mutation]
  4373 | D:6      | Reached skill level 6 in Axes
  4401 | D:6      | Identified a scroll of acquirement
  4404 | D:6      | Got an iridescent executioner's axe
  4405 | D:6      | Identified the +5 executioner's axe of Woec {chop, rPois Str+4} (You acquired it on level 6 of the Dungeon)
  4473 | D:6      | Found a bloodstained altar of Trog.
  4503 | D:6      | Reached skill level 5 in Fighting
  4610 | D:6      | Reached XP level 8. HP: 40/49 MP: 8/8
  4646 | D:6      | Found Suytusuu's Antique Weapon Emporium.
  4871 | D:7      | Noticed Dublek's ghost (amateur MiMo)
  4881 | D:7      | Killed Dublek's ghost
  4881 | D:7      | Reached skill level 7 in Axes
  5174 | D:7      | Found a runed door.
  5261 | D:7      | Reached **** piety under Trog
  5503 | D:7      | HP: 1/75 [something/magic dart (9)]
  5506 | D:7      | Slain by an orc wizard

Skill      XL: |  1  2  3  4  5  6  7  8 |
---------------+-------------------------+-----
Axes           | 3 4 5 6 7 |  7.9
Dodging        | 2 3 4 |  4.4
Fighting       | 4 5 |  5.5
Stealth        | 1 2 3 |  3.3
Armour         | |  2.4

Action                   |  1- 3 |  4- 6 |  7- 9 || total
-------------------------+-------+-------+-------++-------
Melee: Hand axe          |   109 |   183 |    88 ||   380
       Executioner's axe |       |       |    57 ||    57
       Kick              |       |       |    21 ||    21
Invok: Berserk           |     1 |     3 |     5 ||     9
  Use: Scroll            |       |       |    12 ||    12
       Potion            |       |       |     7 ||     7
 Stab: Sleeping          |       |     4 |     5 ||     9
  Eat: Chunk             |     2 |    11 |     6 ||    19
       Ration            |       |       |     1 ||     1
Armor: Animal skin       |    33 |    68 |    66 ||   167
Dodge: Dodged            |    78 |   149 |    82 ||   309
